 Dungeon Crawl Stone Soup version 0.28.0-43-g3370ac3207 (webtiles) character file.

Game seed: 14118568401124693076

104 Pinkishskies the Covered (level 4, -24/29 HPs)
             Began as a Gargoyle Fighter on Mar 8, 2022.
             Was an Initiate of Trog.
             Killed from afar by Ijyb (35 damage)
             ... with a bolt of acid
             ... on level 3 of the Dungeon.
             The game lasted 00:04:46 (2431 turns).

Pinkishskies the Covered (Gargoyle Fighter)         Turns: 2431, Time: 00:04:47

Health: -24/29     AC: 10    Str: 21    XL:     4   Next: 80%
Magic:  4/4        EV:  9    Int:  9    God:    Trog [......]
Gold:   112        SH:  4    Dex:  9    Spells: 3/3 levels left

rFire   . . .      SeeInvis .   a - +0 flail
rCold   . . .      Faith    .   c - +0 buckler
rNeg    + . .      Spirit   .   b - +0 scale mail
rPois   ∞          Reflect  .   (no helmet)
rElec   +          Harm     .   d - scarf {+Inv}
rCorr   .          Rampage  .   (no gloves)
Will    .....                   (no boots)
Stlth   ..........              (no amulet)
HPRegen 0.09/turn               (no ring)
MPRegen 0.09/turn               (no ring)

@: no status effects
A: sickness immunity, AC +3, negative energy resistance 1, electricity
resistance, torment resistance 1, petrification resistance
a: Renounce Religion, Evoke Invisibility


You were on level 3 of the Dungeon.
You worshipped Trog.
Trog was noncommittal.
You visited 1 branch of the dungeon, and saw 3 of its levels.

You collected 112 gold pieces.

Inventory:

Hand Weapons
 a - a +0 flail (weapon)
 k - a +3 quarterstaff of chaos
 l - a +0 mace
Armour
 b - a +0 scale mail (worn)
 c - a +0 buckler (worn)
 d - a scarf of invisibility (worn)
Jewellery
 g - a ring of protection from cold
 i - a +6 ring of intelligence
Scrolls
 e - 2 scrolls of enchant armour {unknown}
 f - a scroll of fog {unknown}
 h - a scroll of identify {unknown}
Potions
 j - a potion of heal wounds {unknown}


   Skills:
 + Level 3.9 Fighting
 + Level 3.1 Maces & Flails
 + Level 4.0 Armour
 + Level 0.6 Dodging
 + Level 0.1 Stealth
 + Level 3.8 Shields


You had 3 spell levels left.
You didn't know any spells.
Your spell library contained the following spells:

 Spells                   Type           Power      Damage    Failure   Level
 Beastly Appendage        Tmut           0%         N/A       80%         1
 Ensorcelled Hibernation  Hex/Ice        0%         N/A       91%         2
 Passwall                 Tmut/Erth      0%         N/A       91%         2
 Wereblood                Tmut           0%         N/A       91%         2
 Spider Form              Tmut/Pois      0%         N/A       99%         3
 Swiftness                Air            0%         N/A       99%         3


Dungeon Overview and Level Annotations

Branches:
Dungeon (3/15)

Altars:
Trog
Xom

Annotations:
D:3 Ijyb


Innate Abilities, Weirdness & Mutations

You are immune to sickness and miasma.
Your stone body is resilient. (AC +3)
You are immune to poison.
You resist negative energy. (rN+)
You are resistant to electric shocks. (rElec)
You are resistant to unholy torment.
You are immune to petrification.


Message History

No target in view!
A rat and a frilled lizard come into view.
There are monsters nearby!
You closely miss the frilled lizard.
The frilled lizard completely misses you.
The rat twitches its whiskers.
You closely miss the frilled lizard. The frilled lizard bites you.
You miss the frilled lizard.
The frilled lizard bites you but does no damage.
The frilled lizard completely misses you.
You hit the frilled lizard.
You kill the frilled lizard!
Trog accepts your kill.
You hit the rat.
You kill the rat!
Trog accepts your kill.
No target in view!
There is an open door here.
Things that are here:
a +0 hand axe; a +0 animal skin; an orc corpse
Found a runed scarf.
No target in view!
You see here a scarf of invisibility.
d - a scarf of invisibility You start putting on your armour.
You continue putting on your scarf of invisibility. x4
You finish putting on your scarf of invisibility.
You become transparent for a moment.
You don't know any spells.
Okay, then.
Found an escape hatch in the floor.
Found a stone staircase leading down.
Found a stone staircase leading up.
Ijyb and an ogre come into view.
Ijyb is wielding a +0 club and carrying a wand of acid (10).
Ijyb shouts!
The ogre shouts!
Ijyb zaps a wand.
The bolt of acid hits you!!
Ouch! That really hurt!
Ijyb zaps a wand.
The bolt of acid hits you!!
Ouch! That really hurt!
You die...

#..#.# #..#.# .........
#.##.########## #........
#........(....# #........
#####.........# #<.......
#..........# #........
##..........#### #........
#......#.###...####O.......
#......#.# ###@............
#.######### #..g##........
#.#.......####.###.....>...
#.#.......#......#.....>...
##.#..###..####.#.#.........
#..#..###..####.###.....####
#..#..###..#......#....######
#..#.......####.#.#...###^..##
#..#..†÷...##.#.#.# #.##...###


You could see an ogre and Ijyb.

Vanquished Creatures
  Crazy Yiuf (D:2)
  2 adders (D:3)
  A white imp (D:3)
  2 dart slugs (D:1)
  An orc (D:3)
  A ball python (D:1)
  5 bats (D:1)
  2 endoplasms
  2 giant cockroaches
  2 goblins (D:1)
  6 hobgoblins
  6 quokkas
  2 frilled lizards
  5 kobolds
  7 rats
45 creatures vanquished.

Notes
Turn   | Place    | Note
-------+----------+-------------------------------------------
     0 | D:1      | Pinkishskies the Gargoyle Fighter began the quest for the
                  | Orb.
     0 | D:1      | Reached XP level 1. HP: 14/14 MP: 1/1
   163 | D:1      | Reached XP level 2. HP: 9/19 MP: 2/2
   836 | D:1      | Reached XP level 3. HP: 23/23 MP: 3/3
  1490 | D:2      | Found a shimmering altar of Xom.
  1557 | D:2      | Found a runed translucent door.
  1558 | D:2      | Noticed Crazy Yiuf
  1752 | D:2      | Killed Crazy Yiuf
  1753 | D:2      | Reached skill level 4 in Armour
  1753 | D:2      | Reached XP level 4. HP: 18/29 MP: 1/4
  2283 | D:3      | Found a bloodstained altar of Trog.
  2291 | D:3      | Became a worshipper of Trog the Wrathful
  2424 | D:3      | Noticed Ijyb
  2424 | D:3      | Noticed an ogre
  2431 | D:3      | Killed from afar by Ijyb

Illustrated notes

Levels and vault maps discovered:
D:1:      lightli_iron_boxes, layout_basic, minmay_crystal_room,
          lemuel_another_geyser
D:2:      layout_rooms, basic_altar, st_stairs_13, uniq_crazy_yiuf_cottage
D:3:      layout_basic, trog_butcher_becter, minivault_27,
          kennysheep_generic_room_11, uniq_ijyb

Skill      XL: |  1  2  3  4 |
---------------+-------------+-----
Armour         | 4 |  4.0
Maces & Flails | 3 |  3.1
Fighting       | |  3.9
Dodging        | |  0.6
Stealth        | |  0.1
Shields        | |  3.8

Action                   |  1- 3 |  4- 6 || total
-------------------------+-------+-------++-------
Melee: Flail             |   119 |    36 ||   155
  Use: Potion            |     1 |     1 ||     2
Armor: Scale mail        |    64 |    14 ||    78
Dodge: Dodged            |    61 |    25 ||    86
Block: Buckler           |    27 |     5 ||    32
